[Event "Corus Wijk aan Zee"]
[Site " Wijk aan Zee"]
[Date "2007.01.28"]
[Round "13"]
[White "GM Svidler, Peter (RUS)"]
[Black "GM Karjakin, Sergey (UKR)"]
[Result "0-1"]
[ECO "B90"]
[WhiteElo "2728"]
[BlackElo "2678"]
[Annotator "Âàñèëèé Ëåáåäåâ"]
[PlyCount "64"]
[EventDate "2007.01.??"]
[EventType "tourn"]
[EventCountry "NED"]
[EventCategory "19"]
[Source "CrestBook.com"]
[TimeControl "40/7200:20/3600:1800"]

{Èòàê, ïîñìîòðèì, êàê áóäåò èãðàòü Ñâèäëåð ïîñëå êàòàñòðîôû â 12-ì òóðå.} 1. e4
c5 2. Nf3 d6 3. d4 cxd4 4. Nxd4 Nf6 5. Nc3 a6 6. Be3 e5 7. Nb3 Be6 8. Qd2 Nbd7
9. O-O-O Be7 10. f3 b5 {Ïðåìüåðà íà ãëàâíîé ñöåíå â Âåéêå!} ({
Äâàæäû äî ýòîãî íà òóðíèðå Òîïàëîâ èãðàë} 10... h5 {
. Â 3-ì òóðå ñ Êàðÿêèíûì (>= 16), è â 11-ì ñî Ñâèäëåðîì (>= 76).}) 11. g4 b4
12. Nd5 ({Îòñòóïàþò êîí¸ì è íà å2, ïðè÷,ì, â áèîãðàôèè Ïåòðà åñòü ýôôåêòíàÿ
ïàðòèÿ, âûèãðàííàÿ â ýòîì ðàçâåòâëåíèè} 12. Ne2 a5 13. Kb1 h6 14. Ng3 a4 15.
Nc1 d5 16. Nf5 Bxf5 17. gxf5 d4 18. Bf2 O-O 19. Rg1 Kh8 20. Bb5 Nc5 21. Nd3 a3
22. Nxe5 axb2 23. Bxd4 Rxa2 24. Kxa2 Qa5+ 25. Kxb2 Qxb5 26. Rxg7 Kxg7 {
Svidler,P (2735)-Sutovsky,E (2697)/Mallorca 2004/CBM 104 no vc/1-0 (31)}) (12.
Na4) 12... Bxd5 13. exd5 Nb6 14. Na5 Nbxd5 ({Ëþáîïûòíî, ÷òî ýòó æå ïîçèöèþ
îòñòàèâàë çà áåëûõ è ñàì Êàðÿêèí! Åãî ñîïåðíèê èãðàë} 14... Nfxd5 {
è, äóìàåòñÿ, ÷òî çäåñü ñèëüíåå} 15. Nb7 $1 ({âìåñòî} 15. Nc6 {1/2-1/2 Karjakin
,S (2679)-Ponomariov,R (2721)/Tomsk RUS 2006/The Week in Chess 610 (75)}) 15...
Qc7 16. Bxb6 $1 Nxb6 17. Nxd6+ {è ò.ä.}) 15. Nc6 Qc7 16. Nxb4 $146 {
Èòàê, âîò ìû äîáðàëèñü è äî íîâèíêè.} ({Ðàíåå âñòðå÷àëîñü} 16. Nxe7 Nxe3 17.
Qxe3 Kxe7 18. h4 Rhc8 19. Rh2 Qc5 20. Qd3 a5 21. Bh3 Rc7 22. g5 Ne8 23. Qxh7 a4
24. g6 $2 {È çäåñü, ïîõîæå, âûèãðûâàëî} b3 $1 ({îäíàêî â ïàðòèè ïîñëåäîâàëî} 
24... f6 25. Qg8 b3 26. Rhd2 Qc4 27. Qxc4 Rxc4 28. a3 Rxh4 {è çäåñü ïî÷åìó-òî
ïîñëåäîâàëî ñîãëàøåíèå íà íè÷üþ 1/2 (Van der Weide,K (2463)-Borovikov,V
(2578)/Senden GER 2006)}) 25. gxf7 (25. a3 Qe3+ 26. Kb1 bxc2+ 27. Rxc2 Rxc2 28.
Kxc2 Ra5) 25... bxa2 26. fxe8=Q+ Rxe8 27. Qxg7+ Kd8 28. Qf6+ Rce7 29. Kd2 Qd4+
30. Ke2 Qxd1+ $1) 16... Nxb4 17. Qxb4 O-O 18. g5 Rfc8 19. Qa4 ({Íà} 19. Bd3 {
åñòü} e4 $1 {È ÿ äóìàþ, ÷òî èìåííî ïîñëå 19-ãî õîäà ïàðòèÿ áåëûõ ïîïîëçëà â
ïðîïàñòü. Íî ÷òî ïðåäëîæèòü âçàìåí, ëè÷íî ìíå íåïîíÿòíî...}) 19... Rab8 20.
Bd3 Nd7 ({Íåïëîõîé àëüòåðíàòèâîé ýòîìó ïåðåâîäó êîíÿ âûãëÿäèò ïîíà÷àëó} 20...
e4 $6 {Íî äàæå ïîñëå íåñèëüíåéøåãî} {íî äàæå ïîñëå} 21. fxe4 $6 {
áåëûå âûâîðà÷èâàþòñÿ:} Ng4 22. Bd4 a5 $5 23. a3 (23. c3 $4 Rb4 24. Qc2 Rxd4
25. cxd4 Qb7) 23... Bxg5+ 24. Kb1 Be3 {òî åñòü:} 25. Ba6 Bxd4 26. Bxc8 Rxb2+
27. Kc1 Qxc8 28. Rxd4 Qb8 29. Rb4 $1 Rxb4 30. axb4 axb4 31. Rd1 {
, è, êàê ìèíèìóì, ó áåëûõ íå õóæå.}) ({Ê òîìó æå  (ïîñëå} 20... e4 $6 {
) ñèëüíåå} 21. Bxe4 Nxe4 ({èçëèøíå êðàñèâî} 21... d5 22. gxf6 Rb4 23. Qxa6 Rxe4
24. Qxc8+ $1) 22. Qxe4 Rb4 23. Qd3 Qb7 24. b3 Qxf3 {è ò.ä.}) 21. Qe4 g6 $1 (
21... Nf8 {- ýòî êîíå÷íî, êîìïüþòåðíûé, ÷òî â äàííîì ñëó÷àå îçíà÷àåò
«äåòñêèé», ëåïåò.}) 22. Bxa6 ({
À âîò òàê îòáèâàþòñÿ ëèõèå, «ïåðâîðàõðÿäíûå», àòàêè:} 22. h4 Nc5 23. Bxc5 {
- ýòîãî êîíÿ, ìàðøèðóþùåãî â íàïðàâëåíèè áåëîãî êîðîëÿ, åñòåñòâåííî, íàäî
ñðàçó óíè÷òîæèòü.} Qxc5 24. h5 $4 Bxg5+ 25. Kb1 Rxb2+ $1) 22... Rb4 $1 {
×òî íè ãîâîðè, ñèìïàòè÷íî ñûãðàíî! Îäíà ëàäüÿ ïîä áîåì, «çíà÷èò», íàäî
äëÿ ñèììåòðèè è äðóãóþ «ïîäñòàâèòü».  È ÷òî ó íàñ ïîëó÷àåòñÿ? Îòñþäà è
äî êîíöà - èä,ò ôîðñèðîâàííûé (ïî÷òè?) ðàçãðîì áåëûõ. Çíà÷èò, îøèáêà èìè
áûëà ñîâåðøåíà ãäå-òî ðàíåå...} 23. Qd3 ({Ïîñëå} 23. Bxc8 {
çà ôåðçÿ áåëûå ïîëó÷àþò äî îáèäíîãî ìàëî:} Rxe4 24. fxe4 Qxc8 $19) 23... Rcb8
24. b3 {Áåëûå äàâíî óæå äåëàþò îäèí çà îäíèì åäèíñòâåííûå õîäû. Íî îíè (ýòè
åäèíñòâåííûå õîäû) èìåþò îáûêíîâåíèå çàêàí÷èâàòüñÿ....} ({
Ïîìåíÿòü ôåðçåé ïóò¸ì} 24. Qc3 {íå ïîëó÷àåòñÿ} Nc5 25. Bxc5 (25. Bc4 Bxg5 $1
26. Bxg5 Na4 $19) 25... Bxg5+ 26. Kb1 (26. Be3 Qxc3 27. bxc3 Bxe3+ 28. Rd2 Rb1#
) 26... Rxb2+ 27. Ka1 dxc5 $19 {, è êàê òîëüêî ñëîí ÷¸ðíûõ «îòêðîåò
ëè÷èêî» íà áîëüøîé ÷¸ðíîé äèàãîíàëè (à íå î÷åíü-òî âèäíî, êàê ýòîìó
âîñïðåïÿòñòâîâàòü, âñ¸ çàêîí÷èòñÿ.  Âîçìîæåí, íàïðèìåð, òàêîé âàðèàíò} {
ÂÎçìîæåí, íàïðèìåð, àòàêîé âàðèàíò} 28. Bc4 R2b4 29. a3 Qa7 30. Ka2 Bf6 31. Rd6
Rb2+ 32. Ka1 Rxc2 $1 33. Qxc2 Qxa3+ 34. Ba2 Bg7 $1 $19) 24... Nc5 25. Bxc5 ({
Èëè} 25. Qe2 Rxb3 $1 26. axb3 Nxb3+ 27. Kb1 Nd4+ {è àìáà!}) 25... Qxc5 26. Qd5
{Â ýòîò ìîìåíò â Êàðÿêèíà áûëî óæå ïî÷òè íà ÷àñ áîëüøå âðåìåíè!} Qa7 27. Bc4
({Èëè} 27. c3 Qxa6 28. cxb4 Qxa2 {- ñ òî÷êè çðåíèÿ áåëûõ ïðîñòî êîøìàð!})
27... Bxg5+ 28. Kb2 (28. Kb1 Ra8 $19) 28... Ra4 29. a3 Ra5 30. Qe4 {
È çäåñü Ñåðãåé íà÷àë äîãîíÿòü Ïåòðà ïî âðåìåíè.} ({Íàâåðíîå, ñ÷èòàë (ïîñëå} 
30. Qe4 {)} d5 {Êîíå÷íî, ïðè æåëàíèè, ìîæíî  è òóò «íàêîïàòü» êðàñèâîñòåé.
Íàïðèìåð, ñûãðàòü (â àíàëèçå)} 31. Bxd5 {, ïîñëå ÷åãî ïðîèñõîäèò êðàñèâûå
ìåòàíèÿ (ïî Äîñòîåâñêîìó :)) ÷¸ðíîãî ñëîíà ïî âñåé äîñêå:} Be7 32. Qxe5 (32.
a4 Rxa4 33. Qxe5 Bf8) 32... Bxa3+ 33. Kb1 Bf8 $1 34. Qb2 (34. Qd4 Qxd4 35. Rxd4
Bg7) 34... Bg7 {«ß Âàì áðîñàþ âûçîâ áåëûé Ôåðçü!»} 35. c3 Rc5 36. Rd3 Qa5) (
30. Qxd6 Be7 31. Qd7 Bxa3+ 32. Kb1 Rb7) ({Íî, âî-ïåðâûõ, â ýòîì âàðèàíòå
âïîëíå âîçìîæíû óñèëåíèÿ, à, âî-âòîðûõ, áåëûå êîíå÷íî (ïîñëå} 30. Qe4 d5 {
), êîíå÷íî, ñûãðàëè áû ñèëüíåå. À èìåííî -} 31. Rxd5 Rxa3 {
31.Rxd5 Rxa3 32.Qxe5 Ra2+ 33.Kc3! (õóæå 33.Kb1 Ra8).} 32. Qxe5 Ra2+ 33. Kc3 $1
({õóæå} 33. Kb1 Ra8) {
È ïåðåâåñ ÷¸ðíûõ âåñüìà óìåíüøèëñÿ, ê òîìó æå íå ïðîõîäèò} 33... Bh6 $2 {èç-çà
} 34. Rhd1 {, è âñ¸ ñòàíîâèòñÿ ñ íîã íà ãîëîâó:} Rf8 35. Rd8 Bg7 36. Rxf8+ Bxf8
(36... Kxf8 37. Rd8#) 37. Rd8 {è ò.ä.}) {
Íåò! ÑóïåðÑåð,æà èãðàåò òî÷íî è ñèëüíî! È ÷òî, íåìàëîâàæíî, êðàñèâî!} 30...
Be3 $1 ({Íåïëîõî, âïðî÷åì, è} 30... Kg7 $5 {ñ èäååé} 31. Rxd6 Be7 32. Rc6
Bxa3+ 33. Kb1 Bb4 $19 {.}) 31. c3 {
Â ýòîé ïîçèöèè õîòü äåñÿòü Êðàìíèêîâ ïîñàäè çà áåëûõ, íî íå ñïàc,òcÿ íèêòî.} ({
Ïëîõî è} 31. Rxd6 Bc5 32. Rd5 Bxa3+ 33. Kb1 Bc5 {
È òåïåðü äâå íåñëîæíûå âåòî÷êè àíàëèçà:} 34. Qxe5 (34. Kb2 Bd4+ 35. Rxd4 exd4
36. Rb1 {(«êîìïîâàÿ» çàùèòà)} Ra2+ 37. Kc1 d3 $3 {È òàêîå æå îïðîâåðæåíèå!}
38. Qxd3 Re8 $19 {È ó áåëîãî êîðîëÿ â ãîëîâå ïåðåä ñìåðòüþ ïðîìåëüêí,ò îäíà
ëèøü ìûñëü: «Îêðóæàþò!»}) 34... Ra8 35. Kb2 Ra1 36. Rdd1 (36. Rxc5 Rxh1)
36... Ra2+ 37. Kc3 (37. Kb1 Bb4 $1) 37... Bb4+ $1 38. Kd3 (38. Kxb4 Qa3+ 39.
Kc3 Qb2+) 38... Rd8+ 39. Ke4 Bd2) 31... Rxa3 32. Ra1 Ra8 {
È çäåñü, íå äîæèäàÿñü äåìîíñòðàöèè âûèãðûâàþùèõ âàðèàíòîâ, áåëûå ñäàëèñü.} (
32... Ra8 33. Qxa8+ Qxa8 34. Rxa3 Qxf3 35. Rf1 Qg2+ 36. Kb1 d5 {
, è ïåøêà ïðîñòî èä,ò âïåð,ä.}) ({Èëè (ïîñëå} 32... Ra8 {
) âîçìîæåí òàêæå áûë ñëåäóþùèé «øåäåâðèê» -} 33. Qb1 Bc1+ $3 {(ñðàçó èëè
ëå ðàçìåíà íà à1).  Äà óæ, èíà÷å êàê êàòàñòðîôè÷íûì, ôèíèø Ïåòðà
Âåíèàìèíîâè÷à íà Âåéêå íå íàçîâ,øü...  À âîò Ñåð,æà èãðàë êàê íàñòîÿùèé
ñóïåðàòàêóþùèé ìîíñòð!}) 0-1